AoeStats
← MEKSYK

Arena

506213330Analyzed
2v2 RM · 19d ago on Sep 12, 2026· 55m 48s· 4 players
Game mode
Random Map
Map size
Medium (4 player)
Population
200
Speed
Normal
Resources
Standard
Victory
Conquest
Starting age
Dark Age
Ending age
Imperial Age
RankedLock teamsTeams togetherTeam positionsShared explorationLock speedFull tech treeHidden civsTurbo modeCheats
Victory
Defeat
🇬🇧 Italians · United Kingdom
762
+15
🇫🇷 Persians · France
756
+15
🇵🇱 Romans · Poland
781
-42
🇵🇱 Khitans · Poland
704
-33
MEKSYK
2:38 Loom
15:35 Feudal Age
18:18 Forging
18:13 Scale Barding Armor
19:29 Domestication
19:39 Double-Bit Axe
24:40 Castle Age
26:41 Wheelbarrow
26:43 Husbandry
26:04 Light Cavalry
27:00 Bow Saw
27:27 Iron Casting
27:13 Chain Barding Armor
27:42 Hand Cart
32:06 Town Watch
33:21 Pastoralism
34:50 Town Patrol
39:35 Imperial Age
37:12 Scale Mail Armor
38:49 Caravan
40:49 Gold Mining
40:49 Stone Mining
41:38 Plate Barding Armor
41:18 Hussar
41:21 Elite Steppe Lancer
44:24 Ordo Cavalry
45:28 Ballistics
46:09 Chemistry
45:05 Murder Holes
45:16 Siege Engineers
45:21 Masonry
47:20 Transhumance
50:48 Lamellar Armor
51:07 Conscription
52:30 Two-Man Saw
52:45 Lamellar Armor
Rogal Dorn
19:21 Feudal Age
19:39 Man-at-Arms
20:27 Horse Collar
20:39 Town Watch
20:43 Double-Bit Axe
21:05 Loom
22:56 Scale Mail Armor
23:08 Forging
27:19 Castle Age
26:46 Padded Archer Armor
27:51 Long Swordsman
28:33 Squires
28:55 Heavy Plow
30:09 Wheelbarrow
31:08 Chain Mail Armor
31:29 Caravan
32:06 Bow Saw
34:27 Hand Cart
34:34 Murder Holes
36:39 Ballistics
38:01 Iron Casting
40:18 Imperial Age
39:05 Leather Archer Armor
38:52 Fletching
41:16 Ballistas
41:32 Comitatenses
40:47 Legionary
42:38 Conscription
46:26 Blast Furnace
46:20 Town Patrol
49:57 Fortified Wall
chipandcharge
0:40 Loom
10:38 Feudal Age
12:29 Horse Collar
12:36 Double-Bit Axe
12:57 Town Watch
19:19 Castle Age
18:57 Fletching
19:08 Padded Archer Armor
21:04 Bow Saw
25:19 Bodkin Arrow
29:59 Heavy Plow
30:29 Crossbowman
32:34 Wheelbarrow
33:02 Gold Mining
33:02 Stone Mining
39:06 Imperial Age
36:53 Hand Cart
36:39 Town Patrol
36:57 Murder Holes
37:16 Masonry
37:27 Ballistics
37:36 Thumb Ring
38:27 Stone Shaft Mining
39:45 Caravan
41:01 Chemistry
42:31 Leather Archer Armor
41:48 Pikeman
43:56 Scale Mail Armor
44:07 Forging
45:16 Chain Mail Armor
45:04 Bracer
45:21 Chain Mail Armor
46:34 Crop Rotation
47:06 Two-Man Saw
48:44 Plate Mail Armor
49:56 Conscription
49:58 Silk Road
49:51 Pirotechnia
50:18 Hoardings
50:30 Squires
50:17 Arson
51:14 Iron Casting
51:09 Ring Archer Armor
54:12 Blast Furnace
robin-21
1:34 Loom
12:35 Feudal Age
14:04 Wheelbarrow
13:18 Horse Collar
14:19 Double-Bit Axe
22:56 Castle Age
21:19 Gold Mining
24:24 Caravan
25:35 Heavy Plow
25:47 Bow Saw
25:30 Stone Mining
28:53 Hand Cart
37:02 Imperial Age
35:26 Masonry
35:37 Ballistics
35:10 Heated Shot
35:19 Fletching
35:30 Padded Archer Armor
37:55 Conscription
37:49 Citadels
37:41 Kamandaran
39:36 Two-Man Saw
39:12 Crop Rotation
39:24 Gold Shaft Mining
39:15 Leather Archer Armor
39:48 Thumb Ring
41:16 Crossbowman
41:55 Bodkin Arrow
42:31 Ring Archer Armor
42:37 Scale Barding Armor
43:51 Block Printing
43:31 Herbal Medicine
44:57 Hoardings
44:54 Architecture
45:23 Chain Barding Armor
45:14 Forging
45:17 Elite War Elephant
46:40 Plate Barding Armor
46:41 Iron Casting
46:39 Fervor
47:08 Theocracy
46:37 Devotion
49:13 Husbandry
49:24 Bloodlines
Connection lost

Rejoining the realm…

Still unreachable

The connection could not be restored.

Session expired

The server has moved on; the page needs a fresh start.